 Dungeon Crawl Stone Soup version 0.28.0-45-g0d030f2227 (webtiles) character file.

Game seed: 825092133280619319

710 101zpm the Magician (level 8, -6/51 HPs)
             Began as a Djinni Ice Elementalist on Apr 11, 2022.
             Was an Initiate of Nemelex Xobeh.
             Mangled by an orc warrior
             ... wielding a +1 vorpal war axe
              (17 damage)
             ... on level 5 of the Dungeon.
             The game lasted 00:16:18 (7049 turns).

101zpm the Magician (Djinni Ice Elementalist)       Turns: 7049, Time: 00:16:19

Health: -6/51      AC:  8    Str:  7    XL:     8   Next: 0%
Gold:   371        EV: 10    Int: 20    God:    Nemelex Xobeh [......] SH:  0 Dex: 13

rFire   + + .      SeeInvis .   f - staff of air
rCold   . . .      Faith    .   (no shield)
rNeg    . . .      Spirit   .   q - +2 ring mail {rC+}
rPois   ∞          Reflect  .   (no helmet)
rElec   +          Harm     .   d - +0 cloak
rCorr   .          Rampage  .   (no gloves)
Will    .....                   (boots unavailable)
Stlth   +.........              (no amulet)
HPRegen 0.17/turn               (no ring)
MPRegen 0.00/turn               (no ring)

@: flying
A: sickness immunity, fire resistance 2, cold vulnerability 1, float, innate
caster, HP casting, extra vitality 1
a: Renounce Religion, Draw Escape, Draw Destruction, Draw Summoning


You were on level 5 of the Dungeon.
You worshipped Nemelex Xobeh.
Nemelex Xobeh was noncommittal.
You visited 2 branches of the dungeon, and saw 7 of its levels.

You collected 371 gold pieces.

Inventory:

Missiles
 h - 2 throwing nets
Armour
 a - a +0 robe
 d - a +0 cloak (worn)
 q - a +2 ring mail of cold resistance (worn)
Magical Staves
 f - a staff of air (weapon)
Jewellery
 e - an amulet of faith
Wands
 m - a wand of charming (3)
Scrolls
 b - 3 scrolls of fear {unknown}
 g - a scroll of identify {unknown}
 j - 3 scrolls of enchant armour {unknown}
 k - 2 scrolls of fog {unknown}
 l - 4 scrolls of vulnerability {unknown}
 p - a scroll of amnesia {unknown}
 s - a scroll of magic mapping {unknown}
Potions
 c - 3 potions of haste {unknown}
 i - a potion of heal wounds {unknown}
 n - 3 potions of resistance {unknown}
 o - a potion of flight {unknown}
 r - a potion of degeneration {unknown}


   Skills:
 + Level 0.8 Fighting
 + Level 0.3 Staves
 + Level 1.2 Armour
 + Level 2.9 Dodging
 + Level 2.5 Stealth
 + Level 6.5 Spellcasting


You had 4 spell levels left.
You knew the following spells:

 Your Spells              Type           Power      Damage    Failure   Level
a - Freeze                Ice            100%       1d11      2%          1
b - Frozen Ramparts       Ice            64%        1d8       7%          3
c - Ozocubu's Armour      Ice            32%        N/A       7%          3
d - Hailstorm             Conj/Ice       32%        3d8       22%         4
e - Sting                 Tmut/Pois      100%       1d8       2%          1
f - Searing Ray           Conj           64%        2d6       3%          2
g - Wereblood             Tmut           32%        N/A       3%          2
Your spell library was empty.

Dungeon Overview and Level Annotations

Branches:
Dungeon (6/15)             Temple (1/1) D:5

Altars:
Ashenzari
Cheibriados
Dithmenos
Elyvilon
Fedhas
Gozag
Hepliaklqana
Kikubaaqudgha
Makhleb
Nemelex Xobeh
Okawaru
Qazlal
Ru
Sif Muna
Trog
Uskayaw
Vehumet
Wu Jian
Xom
Yredelemnul
Zin
The Shining One

Shops:
D:3 !

Annotations:
D:4 1 runed translucent door, dangdung's ghost, amateur OpTm


Innate Abilities, Weirdness & Mutations

You are immune to sickness and miasma.
You are immune to poison.
Your flesh is very heat resistant. (rF++)
You are vulnerable to cold. (rC-)
You float through the air rather than walking.
You learn spells naturally, not from books.
Your magical power is your life essence.
You have superior vitality. (+4 MHP)


Message History

Casting: Searing Ray (safe; 3% risk of failure)
Confirm with . or Enter, or press ? or * to list all spells.
Restarting spell: Searing Ray (safe; 3% risk of failure)
Press: ? - help, Shift-Dir - straight line, f - orc warrior, p - gnoll
Aim: an orc warrior, wielding a +1 vorpal war axe and wearing a +0 chain mail (78% to hit)
The searing ray hits the orc warrior.
The orc warrior is lightly wounded. (Press . to maintain the ray.)
The gnoll hits you from afar with a +0 halberd!
Your frozen ramparts will break if you move.
Continue?
The wall freezes the orc warrior.
The orc warrior hits you with a +1 vorpal war axe!
* * * LOW HITPOINT WARNING * * *
x2 The gnoll hits you but does no damage.
The frozen ramparts melt away.
You fly upwards.
There is a stone staircase leading down here.
Casting: Searing Ray (safe; 3% risk of failure)
Confirm with . or Enter, or press ? or * to list all spells.
Aiming: Sting (safe; 2% risk of failure)
Press: ? - help, Shift-Dir - straight line, f - orc warrior
Aim: an orc warrior, wielding a +1 vorpal war axe and wearing a +0 chain mail (moderately wounded, 75% to hit)
The sting hits the orc warrior.
The orc warrior is poisoned.
The orc warrior is moderately wounded.
* * * LOW HITPOINT WARNING * * *
The orc warrior barely misses you.
The orc warrior looks more healthy.
Casting: Sting (safe; 2% risk of failure)
Confirm with . or Enter, or press ? or * to list all spells.
Okay, then.
Casting: Sting (safe; 2% risk of failure)
Confirm with . or Enter, or press ? or * to list all spells.
Aiming: Freeze (safe; 2% risk of failure)
Press: ? - help, Shift-Dir - straight line, f/p - orc warrior
Aim: an orc warrior, wielding a +1 vorpal war axe and wearing a +0 chain mail (severely wounded)
You freeze the orc warrior.
The orc warrior is severely wounded.
* * * LOW HITPOINT WARNING * * *
The orc warrior hits you with a +1 vorpal war axe!
You die...
Your body disappears without a glow.

.###...#########.#..# #....
..##...# #...### ##...
#.#..#.##### #.....# #.##
...........#####.###.####### #...
.......###...........#..(..####..
.......# #####..............####.
......<#####............>....# #.
.............#...............# ##
................@o...........#
.......................).....#
..........=..................#
............................##
.....................#.....##
................############
#################


You could see an orc warrior.

Vanquished Creatures
  An ice beast (D:4)
  A necrophage (D:6)
  2 bullfrogs
  A scorpion (D:5)
  A centaur zombie (D:5)
  A gnoll shaman (D:5)
  A hound (D:4)
  A bullfrog skeleton (D:6)
  2 iguanas
  10 gnolls
  An adder (D:4)
  A worm (D:2)
  A dart slug (D:4)
  An orc (D:6)
  8 endoplasms
  2 giant cockroaches
  7 goblins
  7 hobgoblins
  7 kobolds
  3 quokkas
  2 ball pythons (D:1)
  A bat (D:1)
  2 frilled lizards
  4 rats (D:2)
68 creatures vanquished.

Vanquished Creatures (others)
  2 withered plants (D:4)
2 creatures vanquished.

Grand Total: 70 creatures vanquished

Notes
Turn   | Place    | Note
-------+----------+-------------------------------------------
     0 | D:1      | 101zpm the Djinni Ice Elementalist began the quest for the
                  | Orb.
     0 | D:1      | Reached XP level 1. HP: 15/15 MP: 0/0
   508 | D:1      | Reached XP level 2. HP: 18/21 MP: 0/0
   966 | D:1      | Found a faded altar of an unknown god.
  1026 | D:1      | Reached XP level 3. HP: 20/25 MP: 0/0
  1026 | D:1      | Learned a level 1 spell: Sting
  1836 | D:2      | Found a broken altar of Ashenzari.
  2006 | D:2      | Reached skill level 4 in Spellcasting
  2186 | D:2      | Reached XP level 4. HP: 21/31 MP: 0/0
  2797 | D:3      | Found an opulent altar of Gozag.
  2895 | D:3      | Found Anac's Distillery.
  2994 | D:3      | Noticed a bullfrog
  3002 | D:3      | Killed a bullfrog
  3003 | D:3      | Reached XP level 5. HP: 26/36 MP: 0/0
  3003 | D:3      | Learned a level 2 spell: Searing Ray
  3390 | D:4      | Noticed a bullfrog
  3496 | D:4      | Reached skill level 5 in Spellcasting
  3607 | D:4      | Found a runed translucent door.
  3607 | D:4      | Noticed dangdung's ghost (amateur OpTm)
  3648 | D:4      | Found a bloodstained altar of Trog.
  3734 | D:4      | Reached XP level 6. HP: 34/41 MP: 0/0
  4341 | D:5      | Entered Level 5 of the Dungeon
  4421 | D:5      | Reached XP level 7. HP: 6/46 MP: 0/0
  4421 | D:5      | Learned a level 2 spell: Wereblood
  5079 | D:4      | Reached skill level 6 in Spellcasting
  5891 | D:5      | Found a staircase to the Ecumenical Temple.
  5963 | Temple   | Entered the Ecumenical Temple
  6314 | Temple   | Became a worshipper of Nemelex Xobeh the Trickster
  6494 | D:6      | Reached skill level 1 in Armour
  7034 | D:6      | Reached XP level 8. HP: 44/51 MP: 0/0
  7049 | D:5      | Mangled by an orc warrior

Illustrated notes

Levels and vault maps discovered:
D:1:      psy_arrival_fountain, layout_loops_corners,
          shapermc_ecumenical_altar_acropolis, chequers_serial_rivers_micro_c
D:2:      layout_basic, basic_altar, nicolae_concentric_dashed_squares_wild
D:3:      layout_basic, nicolae_gozag_seed_capital, serial_shops, shop,
          moated_statue
D:4:      layout_basic, amcnicky_altar_gilded, gammafunk_ghost_grave
D:5:      layout_rooms, minmay_temple_entry_overgrown, minmay_misc_feat_chi
D:6:      layout_cave_pods, nrook_loot_triangle
Temple:   mainiacjoe_temple_cubbyholes

Skill      XL: |  1  2  3  4  5  6  7 |
---------------+----------------------+-----
Spellcasting   | 4 5 6 |  6.5
Stealth        | 2 |  2.5
Armour         | 1 |  1.2
Fighting       | |  0.8
Staves         | |  0.3
Dodging        | |  2.9

Action                   |  1- 3 |  4- 6 |  7- 9 || total
-------------------------+-------+-------+-------++-------
Melee: Unarmed           |     3 |       |       ||     3
       Staff             |     1 |       |       ||     1
 Cast: Freeze            |    55 |    35 |     7 ||    97
       Frozen Ramparts   |     1 |     8 |     8 ||    17
       Searing Ray       |       |     9 |    32 ||    41
       Sting             |       |       |     1 ||     1
Armor: Robe              |     7 |     1 |       ||     8
       Ring mail         |       |       |    17 ||    17
Dodge: Dodged            |    34 |    12 |    21 ||    67
